 Dungeon Crawl Stone Soup version 0.29.1-1-gd02db6906a (webtiles) character file.

Game seed: 10512022710829551319

45 fireball365 the Sneak (level 3, -10/33 HPs)
             Began as a Minotaur Delver on Oct 21, 2022.
             Mangled by a mummy (15 damage)
             ... in an ossuary.
             The game lasted 00:02:26 (617 turns).

fireball365 the Sneak (Minotaur Delver)              Turns: 617, Time: 00:02:26

Health: -10/33     AC:  3    Str: 16    XL:     3   Next: 42%
Magic:  2/2        EV: 12    Int:  7    God:
Gold:   26         SH:  0    Dex: 13    Spells: 2/2 levels left

rFire   . . .      SeeInvis .   a - +0 hand axe
rCold   . . .      Faith    .   (no shield)
rNeg    . . .      Spirit   .   b - +0 leather armour
rPois   .          Reflect  .   (helmet restricted)
rElec   .          Harm     .   (no cloak)
rCorr   .          Rampage  .   (no gloves)
Will    .....                   (no boots)
Stlth   ++........              (no amulet)
HPRegen 0.11/turn               (no ring)
MPRegen 0.08/turn               (no ring)

@: marked
A: horns 2, retaliatory headbutt
a: no special abilities


You were in an ossuary.
You visited 1 branch of the dungeon, and saw 2 of its levels.
You also visited: Ossuary.

You collected 26 gold pieces.

Inventory:

Hand Weapons
 a - a +0 hand axe (weapon)
Armour
 b - a +0 leather armour (worn)
 h - a +1 pair of boots
 l - a +0 pair of gloves
Jewellery
 k - a ring of willpower
Wands
 g - a wand of digging (3)
Scrolls
 c - a scroll of fog
 d - a scroll of magic mapping
 e - 2 scrolls of fear
 i - 2 scrolls of identify {unknown}
Potions
 f - a potion of haste
 j - a potion of lignification {unknown}


   Skills:
 + Level 3.8 Fighting
 + Level 3.1 Axes
 + Level 0.6 Armour
 + Level 2.2 Dodging
 + Level 4.7 Stealth


You had 2 spell levels left.
You didn't know any spells.
Your spell library was empty.

Dungeon Overview and Level Annotations

Branches:
Dungeon (5/15)            Ossuary (1/1)
 Temple: D:4-7

Altars:


Innate Abilities, Weirdness & Mutations

You have a pair of horns on your head.
You reflexively headbutt those who attack you in melee.


Message History

The kobold zombie is heavily damaged.
The kobold zombie barely misses you. You furiously retaliate!
You headbutt the kobold zombie. You hit the kobold zombie.
You destroy the kobold zombie!
You hit the rat zombie. You headbutt the rat zombie.
You destroy the rat zombie!
The hobgoblin skeleton misses you.
You hit the hobgoblin skeleton.
The hobgoblin skeleton is heavily damaged.
The hobgoblin skeleton hits you.
You hit the hobgoblin skeleton.
You destroy the hobgoblin skeleton!
The sentinel's mark upon you fades away.
A mummy comes into view.
You hit the mummy but do no damage. The mummy hits you but does no damage.
A hobgoblin zombie comes into view.
The mummy hits you!
The hobgoblin zombie sets off the alarm!
The alarm trap emits a blaring wail!
A sentinel's mark forms upon you.
You hear a shout!
You hit the mummy.
The mummy is lightly damaged.
You hit the hobgoblin zombie. The hobgoblin zombie misses you.
You hit the mummy.
The mummy is moderately damaged.
You hit the hobgoblin zombie.
You destroy the hobgoblin zombie!
The mummy barely misses you.
You hit the mummy.
The mummy is heavily damaged.
The mummy hits you!
* * * LOW HITPOINT WARNING * * *
You hit the mummy but do no damage.
The mummy is moderately damaged.
You hit the mummy.
The mummy is severely damaged.
The mummy hits you!
You die...

##..##..######..##.
##..##..##....##..##
##..##..##..##..##..#
##..##^.##..####..##..
##..##..##..## ##..##.
##..##..##..## ##..##
##..##..##..## ##..#
##..##..##..## ##..
##..##..##@.## ##. ##..##..##.M##
## ##..##..##..## # ##..##..##...
##..##..#######################
##..##..........................
##..#############################
#^...............................
#################################


You could see a mummy.

Vanquished Creatures
  A mummy (D:4)
  An endoplasm (D:4)
  3 gnoll zombies (Ossuary)
  4 gnoll skeletons (Ossuary)
  3 goblin skeletons (Ossuary)
  A goblin zombie (D:4)
  5 hobgoblin skeletons (Ossuary)
  6 hobgoblin zombies
  4 kobold zombies (Ossuary)
  3 orc skeletons (Ossuary)
  7 orc zombies (Ossuary)
  5 rat skeletons (Ossuary)
  2 rat zombies (Ossuary)
45 creatures vanquished.

Notes
Turn   | Place    | Note
-------+----------+-------------------------------------------
     0 | D:5      | fireball365 the Minotaur Delver began the quest for the
                  | Orb.
     0 | D:5      | Reached XP level 1. HP: 19/19 MP: 0/0
     6 | D:5      | Noticed a hound
    29 | D:5      | Noticed a hound
    67 | D:5      | Noticed a black bear
    84 | D:4      | Noticed an iguana
   173 | D:4      | Found a sand-covered staircase.
   181 | D:4      | Reached XP level 2. HP: 25/27 MP: 1/1
   278 | Ossuary  | Entered an ossuary
   430 | Ossuary  | Reached XP level 3. HP: 29/33 MP: 2/2
   617 | Ossuary  | Mangled by a mummy

Illustrated notes

Levels and vault maps discovered:
D:4:      layout_loops_ring, nicolae_ossuary_entry_giza
D:5:      layout_cave_pools, minmay_temple_entry_proselytizer, minivault_26,
          st_stairs_2
Ossuary:  ossuary_due_pyramid

Skill      XL: |  1  2  3 |
---------------+----------+-----
Axes           | 3 |  3.1
Fighting       | |  3.8
Armour         | |  0.6
Dodging        | |  2.2
Stealth        | |  4.7

Action                   || total
-------------------------++-------
Melee: Hand axe          ||    86
       Headbutt          ||    19
       Punch             ||     1
 Stab: Sleeping          ||     3
Armor: Leather armour    ||    23
Dodge: Dodged            ||    40
